 Dungeon Crawl Stone Soup version 0.22-a0-136-g83a10e5 (webtiles) character file.

34 KarmaPolice the Sneak (level 3, 0/28 HPs)
             Began as a Vampire Assassin on Feb 2, 2018.
             Slain by a jackal (2 damage)
             ... on level 1 of the Dungeon.
             The game lasted 00:01:04 (264 turns).

KarmaPolice the Sneak (Vampire Assassin)             Turns: 264, Time: 00:01:05

Health: 0/28       AC:  3    Str: 11    XL:     3   Next: 14%
Magic:  3/3        EV: 12    Int: 13    God:
Gold:   41         SH:  0    Dex: 15    Spells: 2/2 levels left

rFire    . . .     SeeInvis +   a - +2 dagger
rCold    . . .     Gourm    .   (no shield)
rNeg     + . .     Faith    .   c - +0 robe
rPois    .         Spirit   .   (no helmet)
rElec    .         Reflect  .   d - +0 cloak
rCorr    .         Harm     .   (no gloves)
MR       .....                  (no boots)
Stlth    +++.......             (no amulet)
HPRegen  0.09/turn              (no ring)
MPRegen  0.08/turn              (no ring)

@: no status effects
A: fangs 3, see invisible, unbreathing
a: Bat Form


You were on level 1 of the Dungeon.
You were not thirsty.

You visited 1 branch of the dungeon, and saw 1 of its levels.

You collected 41 gold pieces.

Inventory:

Hand Weapons
 a - a +2 dagger (weapon)
 b - a +0 blowgun
Missiles
 e - 6 poisoned needles
 f - 2 curare-tipped needles
Armour
 c - a +0 robe (worn)
 d - a +0 cloak (worn)
Scrolls
 k - a scroll of teleportation {unknown}
 l - a scroll of enchant weapon {unknown}
Potions
 g - 5 potions of blood
 h - 2 potions of invisibility {unknown}
 i - a potion of lignification {unknown}
 j - a potion of haste {unknown}


   Skills:
 + Level 2.3 Fighting
 + Level 2.9 Short Blades
 + Level 2.1 Throwing
 - Level 1.1 Dodging
 - Level 5.8 Stealth


You had 2 spell levels left.
You didn't know any spells.

Dungeon Overview and Level Annotations

Branches:
Dungeon (1/15)

Altars:


Innate Abilities, Weirdness & Mutations

You have razor-sharp teeth.
You have supernaturally acute eyesight. (SInv)
You can survive without breathing.


Message History

The giant cockroach misses you.
You hit the giant cockroach.
You kill the giant cockroach!
You hit the jackal.
The jackal is lightly wounded.
The jackal bites you but does no damage.
You closely miss the jackal. Your bite misses the jackal.
The jackal is lightly wounded.
The jackal bites you but does no damage.
You hit the jackal.
The jackal is moderately wounded.
The jackal bites you.
* * * LOW HITPOINT WARNING * * *
You hit the jackal.
The jackal is almost dead.
The jackal barely misses you.
You closely miss the jackal.
The jackal is almost dead.
The jackal bites you.
You die...

##.......†.#.†###....†...#
#........(##.###.........#
#.....!...#..# #..........
...###.#...## #..........
## #.#..####...........
#.#.............##..
#.#†#............... ##
#.#h#...............
...#####.#@#.#.........#...
.............#.............
....##....##.##
........#..# ... #..####.#
........#... ... #..# #.#
.. #.## #.# ##..# ... #..
#.# #...# ..## #.#
#.###...##.. #..
######.##..##...# #..


You could see a jackal.

Vanquished Creatures
  A gnoll (D:1)
  2 dart slugs (D:1)
  4 giant cockroaches (D:1)
  3 hobgoblins (D:1)
  2 jackals (D:1)
  2 kobolds (D:1)
  A bat (D:1)
  A goblin (D:1)
  4 rats (D:1)
20 creatures vanquished.

Notes
Turn   | Place    | Note
-------+----------+-------------------------------------------
     0 | D:1      | KarmaPolice the Vampire Assassin began the quest for the Orb.
     0 | D:1      | Reached XP level 1. HP: 16/16 MP: 1/1
    40 | D:1      | Reached XP level 2. HP: 17/22 MP: 2/2
   255 | D:1      | Reached XP level 3. HP: 2/28 MP: 3/3
   264 | D:1      | Slain by a jackal

Vault maps used:
D:1:      lightli_arrival_statue_moat

Skill      XL: |  1  2 |
---------------+-------+-----
Fighting       | 2 |  2.3
Throwing       | 2 |  2.1
Short Blades   | |  2.9
Dodging        | |  1.1
Stealth        | |  5.8

Action                   || total
-------------------------++-------
Melee: Dagger            ||    63
       Bite              ||     5
 Fire: Blowgun           ||     2
 Stab: Sleeping          ||     6
Armor: Robe              ||    16
Dodge: Dodged            ||    38

Table legend:
 A = Spawn XP
 B = Non-spawn XP
 C = Spawn XP percentage of total XP
 D = Spawn monster count
 E = Non-spawn monster count
 F = Spawn count percentage of total count
 G = Total turns spent on level
                    A         B        C        D         E        F      G
               +---------+---------+-------+---------+---------+-------+---------
         Total |       0 |      49 |   0.0 |       0 |      20 |   0.0 |   264
               +---------+---------+-------+---------+---------+-------+---------
           D:1 |       0 |      49 |   0.0 |       0 |      20 |   0.0 |   264
               +---------+---------+-------+---------+---------+-------+---------
